xxx, neutral female gnomish Archeologist ----- -- --- --- ---- ---.|.--- |. --.-----.---- --..-- |.......---- ---- -- | --.%|.........|.-- |....----.-........| |..--- |...........(.........---.|.[..%)(.........----- |....| ----- --...*......*.............|--------..........|.-- --...| --...| -- ------............----- ----..--........>| |...| --....| |.............----- ---.....|--...%...-- |.----- |....-- |-...---..........---|......-- |.......--- |.|-..----.|..| ---....| ---...^......||....|.| --...--...| |.|........|.-- |....@-- |..........|--.--|.| --------.---|.|-.....--..| |.....-- --........-- --- |.| |...||.|-.....---.| ----...| -.......-- |.| ---.--.|.......--.| --`-- ........| |.| |...^|-...|.....------- - --- .*.......| |.| |-...--.--|.............| ..........| |.--- |.......| ---..---------- ....------- |...| |...<.--- ---- ---.-- --..| ---.--- -- --- --- xxx the Field Worker Experience level: 4 Strength: 12 Dexterity: 10 Constitution: 9 Intelligence: 19 Wisdom: 16 Charisma: 9 Health: 0(30) Energy: 21(21) Def: 1 Gold: 0 Moves: 594 Dungeon seed: MXGW7rsTvC3yp9B9 Game ID: xxx_1465230464 Your Inventory: Weapons a - a +2 bullwhip (weapon in hand) i - a blessed +0 boomerang (in quiver) j - a +2 aklys Armor e - an uncursed +0 leather jacket (being worn) n - an uncursed +0 fedora (being worn) Comestibles b - 4 uncursed food rations k - 2 uncursed lichen corpses Scrolls m - an uncursed scroll of scare monster o - an uncursed scroll of identify Rings l - an uncursed ring of free action Wands d - a wand of light (0:12) Tools c - a +0 pick-axe (alternate weapon; not wielded) f - a tinning kit (0:95) g - an uncursed sack h - an uncursed tin opener Gems q - an uncursed touchstone Spells and supernatural/magical abilities: Name Level Category Fail Memory W - pray for help -- divine ? -- Your skills at the end: Miscellaneous Skills wands [Basic] Weapon Skills pick-axe [Basic] crossbow [Basic] boomerang [Basic] whip [Basic] Spellcasting Skills Final Attributes: You were fervently aligned. You had infravision. You were stealthy. You were fast. You are dead. Vanquished creatures: a gnomish wizard 2 dwarves a large kobold a gecko a giant rat 2 gnomes a fox a newt 3 sewer rats 2 grid bugs 3 lichens 18 creatures vanquished. Voluntary challenges: You went without food. You did not adorn yourself with jewelry or accessories. You were an atheist. You used a wielded weapon 25 times, starting on turn 8. You did not use tools. You read items or engraved 1 time, starting on turn 1. You never genocided any monsters. You never polymorphed an object. You never changed form. You used no wishes. You never split a pudding. You wrote Elbereth's name 1 time, starting on turn 1. You violated your moral code, losing 5 points of alignment, starting on turn 561. Dungeon overview: The Dungeons of Doom: levels 1 to 2 Level 1 a long staircase Level 2 a fountain stairs to The Gnomish Mines The Gnomish Mines: Level 3 <- You were here stairs to The Dungeons of Doom History has recorded: On T:1 you entered the Dungeons of Doom to retrieve the Amulet of Yendor! On T:273 you reached level 2 of The Dungeons of Doom. On T:332 you advanced to experience level 2. On T:401 you reached level 1 of The Gnomish Mines. On T:562 you advanced to experience level 3. On T:568 you advanced to experience level 4. Score breakdown: Gold: 0 ( 0 points) Experience: 4 levels ( 300 points) Exploration: 3 levels ( 60 points) Discoveries: 1 item ( 50 points) Variety of kills: 11 monsters ( 550 points) Major goal: (nothing yet) ( 0 points) Survival: died (score multiplied by 3) Total score: 2880 Latest messages: You kill the gnomish wizard! Welcome to experience level 4. You hesitate for a moment, bothered by your conscience. The dwarf gets angry! You whip the dwarf. (2x) The dwarf wields a dagger! You kill the dwarf! There are a few objects here. You stop exploring. (7x) You see here a whistle. The gecko bites! Click! You trigger a rolling boulder trap! You are hit by a boulder. A board beneath you squeaks loudly. Click! You trigger a rolling boulder trap! The boulder hits the gecko! Something is destroyed! You are hit by a boulder. You die... The sack is empty. The sack is empty. Final status: Goodbye xxx the Archeologist, killed by a boulder... You died in The Gnomish Mines on dungeon level 3 with 2880 points, and 0 pieces of gold, after 594 moves. You were level 4 with a maximum of 30 hit points when you died.